 Dungeon Crawl Stone Soup version 0.23.2-40-g277498a001 (webtiles) character file.

Game seed: 16891581507821294701

256 Devam the Conjurer (level 6, -2/36 HPs)
             Began as an Octopode Wizard on Sept 6, 2019.
             Killed from afar by an orc wizard (15 damage)
             ... with a puff of flame
             ... on level 2 of the Dungeon.
             The game lasted 00:10:58 (3315 turns).

Devam the Conjurer (Octopode Wizard)                Turns: 3315, Time: 00:10:58

Health: -2/36      AC:  1    Str:  6    XL:     6   Next: 15%
Magic:  3/10       EV: 13    Int: 22    God:
Gold:   144        SH:  0    Dex: 11    Spells: 0/11 levels left

rFire    . . .     SeeInvis .   j - +0 dagger
rCold    . . .     Gourm    .   (no shield)
rNeg     . . .     Faith    .   a - +0 hat
rPois    .         Spirit   .   (no amulet)
rElec    .         Reflect  .   (no ring)
rCorr    .         Harm     .   (no ring)
MR       .....                  (no ring)
Stlth    +++.......             (no ring)
HPRegen  0.12/turn              (no ring)
MPRegen  0.12/turn              (no ring)
                                (no ring)
                                (no ring)

@: no status effects
A: almost no armour, stealthy swim, amphibious, 8 rings, constrict 8, camouflage
1, gelatinous body 1
a: no special abilities


You were on level 2 of the Dungeon.
You were hungry.

You visited 1 branch of the dungeon, and saw 3 of its levels.

You collected 144 gold pieces.

Inventory:

Hand Weapons
 j - a +0 dagger (weapon)
Armour
 a - a +0 hat (worn)
Wands
 g - a wand of random effects (14)
Scrolls
 b - a scroll of immolation
 d - a scroll of teleportation
 e - 2 scrolls of fear
 i - a scroll of noise {unknown}
 l - 2 scrolls of remove curse {@r2}
 n - a scroll of fog
 o - a scroll of enchant armour {unknown}
Potions
 f - a potion of curing {unknown}
 h - 2 potions of magic
 k - a potion of agility {unknown}
 m - a potion of lignification {unknown}
Comestibles
 c - 5 rations
 p - 2 chunks of flesh


   Skills:
 - Level 2.0 Dodging
 - Level 2.6 Stealth
 + Level 3.2 Spellcasting
 + Level 3.9 Conjurations
 + Level 2.6 Summonings
 - Level 2.0 Translocations
 + Level 2.2 Fire Magic
 + Level 0.2 Air Magic
 + Level 0.2 Poison Magic


You couldn't memorise any spells.
You knew the following spells:

 Your Spells              Type           Power        Failure   Level  Hunger
a - Magic Dart            Conj           ###.         2%          1    None
b - Blink                 Tloc           N/A          9%          2    ##.....
c - Call Imp              Summ           ###.....     6%          2    ##.....
d - Conjure Flame         Conj/Fire      ###.....     11%         3    ###....
e - Mephitic Cloud        Conj/Pois/Air  ##......     21%         3    ###....

Your spell library contained the following spells:

 Spells                   Type           Power        Failure   Level  Hunger
 Corona                   Hex            #......      12%         1    None
 Dazzling Spray           Conj/Hex       ##....       16%         3    ###....
 Ensorcelled Hibernation  Hex/Ice        #.....       19%         2    ##.....
 Slow                     Hex            #.......     19%         2    ##.....
 Confuse                  Hex            #.......     36%         3    ###....
 Tukima's Dance           Hex            #.......     36%         3    ###....


Dungeon Overview and Level Annotations

Branches:
Dungeon (3/15)

Altars:
Xom


Innate Abilities, Weirdness & Mutations

You cannot wear most types of armour.
You are very stealthy in the water. (Stealth+)
You are amphibious.
You can wear up to eight rings at the same time.
You can use your tentacles to constrict eight enemies at once.
Your skin changes colour to match your surroundings (Stealth+).
Your rubbery body absorbs attacks. (AC +1, EV +1)


Message History

Something hits you.
There is a stone staircase leading up here.
You barely miss something. Your squeeze misses something. Something hits you.
You miss something. Something hits you.
You closely miss something. Your squeeze misses something. Something hits you.
Something hits you.
You climb upwards.
Reactivating autopickup.
There is a stone staircase leading down here.
You hear some strange, mumbled words.
A magic dart appears from out of thin air!
Deactivating autopickup; reactivate with Ctrl-A.
The magic dart hits you!
You hear some strange, mumbled words.
Something tries to affect you, but you resist.
A puff of flame appears from out of thin air!
The puff of flame hits you.
A puff of flame appears from out of thin air!
The puff of flame hits you!
You die...

#. #. #. #. #. ##### #.
######...# #. #........#
#. #.####@..# ##
###.#####.## #####
#.....# #.####...#######
#.....###..............#
#.....>#######...#####.##
#......##### ##### #..#
#..........###### ##.#
#####..###......# ####.#
#..###......####.....


There were no monsters in sight!

Vanquished Creatures
  An orc priest (D:3)
  2 orc wizards (D:3)
  Natasha (D:3)
  Robin (D:3)
  5 adders
  An ooze (D:3)
  3 dart slugs (D:1)
  2 leopard geckos (D:1)
  8 orcs (D:3)
  4 giant cockroaches
  18 goblins
  6 hobgoblins
  5 kobolds
  6 bats
  2 frilled lizards
  5 rats
  A plant (D:1)
71 creatures vanquished.

Vanquished Creatures (collateral kills)
  An orc priest (D:2)
1 creature vanquished.

Grand Total: 72 creatures vanquished

Notes
Turn   | Place    | Note
-------+----------+-------------------------------------------
     0 | D:1      | Devam the Octopode Wizard began the quest for the Orb.
     0 | D:1      | Reached XP level 1. HP: 11/11 MP: 4/4
   260 | D:1      | Reached XP level 2. HP: 17/17 MP: 3/6
   893 | D:1      | Reached XP level 3. HP: 21/21 MP: 3/7
  1089 | D:2      | Learned a level 2 spell: Blink
  1092 | D:2      | Learned a level 2 spell: Call Imp
  1096 | D:2      | Learned a level 3 spell: Conjure Flame
  1697 | D:2      | Reached XP level 4. HP: 23/27 MP: 2/8
  1957 | D:2      | Reached skill level 1 in Fire Magic
  2117 | D:3      | Noticed Robin
  2243 | D:3      | Killed Robin
  2334 | D:3      | Found a shimmering altar of Xom.
  2440 | D:3      | Reached XP level 5. HP: 31/31 MP: 3/9
  2942 | D:3      | Reached XP level 6. HP: 29/36 MP: 0/10
  3029 | D:3      | Learned a level 3 spell: Mephitic Cloud
  3067 | D:3      | Noticed Natasha
  3075 | D:3      | Killed Natasha
  3315 | D:2      | Killed from afar by an orc wizard

Skill      XL: |  1  2  3  4  5 |
---------------+----------------+-----
Conjurations   | 2 3 |  3.9
Fire Magic     | 1 2 |  2.2
Summonings     | 2 |  2.6
Translocations | 2 |  2.0
Dodging        | |  2.0
Stealth        | |  2.6
Spellcasting   | |  3.2
Air Magic      | |  0.2
Poison Magic   | |  0.2

Action                   |  1- 3 |  4- 6 || total
-------------------------+-------+-------++-------
Melee: Unarmed           |    53 |       ||    53
       Constrict         |     5 |    10 ||    15
       Tentacles         |    13 |     4 ||    17
       Dagger            |       |    30 ||    30
 Cast: Magic Dart        |    64 |    97 ||   161
       Call Imp          |       |     8 ||     8
       Conjure Flame     |       |     1 ||     1
  Use: Scroll            |       |     8 ||     8
  Eat: Chunk             |     2 |     5 ||     7
Armor: Skin              |     1 |     3 ||     4
Dodge: Dodged            |    13 |    23 ||    36
